 Dungeon Crawl Stone Soup version 0.26-a0-52-gd53d4cd058 (webtiles) character file.

Game seed: 3199078288706269429

163 MarredHen the Sneak (level 5, -2/30 HPs)
             Began as a Kobold Venom Mage on June 6, 2020.
             Was a Follower of the Shining One.
             Slain by a gnoll
             ... wielding a +2 vampiric spear
              (7 damage)
             ... on level 4 of the Dungeon.
             The game lasted 00:07:58 (4672 turns).

MarredHen the Sneak (Kobold Venom Mage)             Turns: 4672, Time: 00:07:59

Health: -2/30      AC:  3    Str:  5    XL:     5   Next: 73%
Magic:  1/18       EV: 17    Int: 18    God:    the Shining One [*.....]
Gold:   230        SH:  0    Dex: 21    Spells: 6/9 levels left

rFire    . . .     SeeInvis .   l - +0 dagger
rCold    . . .     Gourm    .   (shield restricted)
rNeg     . . .     Faith    .   a - +0 robe
rPois    .         Spirit   .   u - +0 helmet (curse)
rElec    .         Reflect  .   (no cloak)
rCorr    .         Harm     .   (no gloves)
MR       .....                  (no boots)
Stlth    ++........             (no amulet)
HPRegen  0.10/turn              s - +6 ring of dexterity
MPRegen  0.16/turn              k - ring of magical power

@: very slightly contaminated, glowing
A: small, carnivore
a: Renounce Religion


You were on level 4 of the Dungeon.
You worshipped the Shining One.
The Shining One was aware of your devotion.
You were not hungry.

You visited 1 branch of the dungeon, and saw 4 of its levels.

You collected 230 gold pieces.

Inventory:

Hand Weapons
 l - a +0 dagger (weapon)
Armour
 a - a +0 robe (worn)
 u - a cursed +0 helmet (worn)
Jewellery
 d - an uncursed ring of protection from fire
 k - a ring of magical power (right hand)
 s - a +6 ring of dexterity (left hand)
Scrolls
 g - 2 scrolls of magic mapping
 h - a scroll of blinking {unknown}
 j - 2 scrolls of remove curse {unknown}
 m - a scroll of teleportation {unknown}
 p - a scroll of enchant weapon {unknown}
 q - a scroll of noise {unknown}
Potions
 b - 4 potions of curing
 c - 2 potions of resistance
 e - a potion of might {unknown}
 f - 2 potions of cancellation
 i - 2 potions of lignification
 r - a potion of brilliance {unknown}
 t - a potion of haste {unknown}
Comestibles
 n - 5 rations


   Skills:
 + Level 1.8 Fighting
 + Level 3.4 Dodging
 + Level 4.1 Stealth
 + Level 2.9 Spellcasting
 + Level 2.1 Transmutations
 + Level 3.6 Poison Magic


You had 6 spell levels left.
You knew the following spells:

 Your Spells              Type           Power        Failure   Level  Hunger
a - Sting                 Tmut/Pois      ##..         4%          1    None
b - Poisonous Vapours     Pois/Air       #.....       12%         2    ##.....

Your spell library contained the following spells:

 Spells                   Type           Power        Failure   Level  Hunger
 Ignite Poison            Fire/Tmut/Pois #.......     22%         3    ###....
 Mephitic Cloud           Conj/Pois/Air  #.......     30%         3    ###....
 Olgreb's Toxic Radiance  Pois           ###.....     36%         4    ####...


Dungeon Overview and Level Annotations

Branches:
Dungeon (4/15)
 Temple: D:4-7

Altars:
The Shining One


Innate Abilities, Weirdness & Mutations

You are small and have problems with some larger weapons.
You are carnivorous and can eat meat at any time.


Message History

The gnoll looks even sicker.
The gnoll hits you from afar with a +2 vampiric spear.
The gnoll draws strength from your wounds!
The gnoll hits you with a +2 vampiric spear.
You hit the gnoll but do no damage.
The gnoll is heavily wounded.
The gnoll hits you with a +2 vampiric spear.
The gnoll draws strength from your wounds!
You hit the gnoll but do no damage.
The gnoll is moderately wounded.
The gnoll hits you with a +2 vampiric spear!
You hit the gnoll but do no damage.
The gnoll is heavily wounded.
The gnoll hits you with a +2 vampiric spear.
* * * LOW HITPOINT WARNING * * *
The gnoll draws strength from your wounds!
You hit the gnoll.
The gnoll is moderately wounded.
The gnoll hits you with a +2 vampiric spear!
You die...

## .. ###. ... #
######.####.#####
.......<@g.......
###########).####
.... .### #


You could see a gnoll (very poisoned).

Vanquished Creatures
  A worker ant (D:3)
  2 gnolls (D:4)
  5 adders
  An ooze (D:1)
  3 worms (D:2)
  2 dart slugs
  3 leopard geckos
  4 giant cockroaches
  6 goblins
  7 hobgoblins
  3 kobolds
  A ball python (D:1)
  5 bats (D:1)
  11 frilled lizards
  9 rats
63 creatures vanquished.

Notes
Turn   | Place    | Note
-------+----------+-------------------------------------------
     0 | D:1      | MarredHen the Kobold Venom Mage began the quest for the
                  | Orb.
     0 | D:1      | Reached XP level 1. HP: 10/10 MP: 3/3
   230 | D:1      | Reached XP level 2. HP: 15/15 MP: 3/5
   292 | D:1      | Reached skill level 3 in Stealth
   707 | D:1      | Reached XP level 3. HP: 20/20 MP: 4/6
  1295 | D:1      | Reached skill level 1 in Fighting
  1420 | D:1      | Noticed a troll
  1973 | D:2      | Reached XP level 4. HP: 11/25 MP: 7/7
  3149 | D:3      | Learned a level 2 spell: Poisonous Vapours
  3465 | D:3      | Reached XP level 5. HP: 29/29 MP: 7/9
  3847 | D:3      | Found a faded altar of an unknown god.
  3853 | D:3      | Became a worshipper of the Shining One
  3853 | D:3      | Reached * piety under the Shining One
  4043 | D:3      | Reached skill level 4 in Stealth
  4672 | D:4      | Slain by a gnoll

Illustrated notes

Levels and vault maps discovered:
D:1:      erik_arrival_cave_to_civilisation [erik_arrival_cave_to_temple],
          layout_basic, minmay_lizard_pond
D:2:      layout_loops_corners, st_stairs_9
D:3:      layout_basic, chequers_ecumenical_altar_lobes, first_ration
D:4:      layout_basic, minmay_temple_entry_hall, portal_sewer_entry_a,
          lightli_ossuary_entry_decrepit_ruins, uniq_robin, uniq_natasha

Skill      XL: |  1  2  3  4  5 |
---------------+----------------+-----
Stealth        | 3 4 |  4.1
Fighting       | 1 |  1.8
Dodging        | 3 |  3.4
Transmutations | 2 |  2.1
Spellcasting   | |  2.9
Poison Magic   | |  3.6

Action                   |  1- 3 |  4- 6 || total
-------------------------+-------+-------++-------
Melee: Unarmed           |    49 |       ||    49
       Dagger            |       |    11 ||    11
 Cast: Sting             |    65 |    37 ||   102
       Poisonous Vapours |       |    32 ||    32
  Use: Scroll            |     1 |     6 ||     7
  Eat: Chunk             |     2 |     9 ||    11
       Ration            |     1 |     1 ||     2
Armor: Robe              |     9 |     3 ||    12
Dodge: Dodged            |    53 |    19 ||    72

Table legend:
 A = Non-vault XP
 B = Vault XP
 C = Vault XP percentage of total XP
 D = Non-vault monster count
 E = Vault monster count
 F = Vault count percentage of total count
                 A         B        C        D         E       F
            +---------+---------+-------+---------+---------+-------
      Total |     215 |      19 |   8.1 |      51 |      12 |  19.0
            +---------+---------+-------+---------+---------+-------
        D:1 |      43 |      10 |  18.9 |      22 |       8 |  26.7
        D:2 |      49 |       9 |  15.5 |      12 |       4 |  25.0
        D:3 |      95 |       0 |   0.0 |      15 |       0 |   0.0
        D:4 |      28 |       0 |   0.0 |       2 |       0 |   0.0
            +---------+---------+-------+---------+---------+-------
